 Dungeon Crawl Stone Soup version 0.29.1-15-g9cfb28693d (webtiles) character file.

Game seed: 12910475536824339533

2190 hawla the Frost Mage (level 9, -2/67 HPs)
             Began as a Meteoran Ice Elementalist on Feb 27, 2023.
             Was an Initiate of Vehumet.
             Engulfed by a steam dragon's steam (7 damage)
             ... on level 8 of the Dungeon.
             The game lasted 00:11:59 (2723 turns).

hawla the Frost Mage (Meteoran Ice Elementalist)    Turns: 2723, Time: 00:12:00

Health: -2/67      AC:  4    Str: 18 (19) XL:     9   Next: 90%
Magic:  17/20      EV: 14    Int: 29 (30) God:    Vehumet [......]
Gold:   127        SH:  6    Dex: 14 (16) Spells: 14/22 levels left

rFire   x . .      SeeInvis .   b - +2 whip (flame)
rCold   . . .      Faith    .   n - +1 buckler of Chimes {Contam rN+ Str+3 Int+5}
rNeg    + + +      Spirit   .   a - +0 robe
rPois   .          Reflect  .   i - +1 hat
rElec   .          Harm     .   B - +0 cloak
rCorr   +          Rampage  .   (no gloves)
Will    ++...                   (no boots)
Stlth   +.........              p - amulet of magic regeneration
HPRegen 0.21/turn               q - +6 ring of strength
MPRegen 0.57/turn               o - ring of Daawejud {rF- rN++ Will+ rCorr Int+5}

@: freezing walls, glowing
A: sense surroundings 2, otherworldly, glowing, explore regen
a: Renounce Religion


You were on level 8 of the Dungeon.
You worshipped Vehumet.
Vehumet was noncommittal.
You visited 1 branch of the dungeon, and saw 7 of its levels.

You collected 127 gold pieces.

Inventory:

Hand Weapons
 b - a +2 whip of flaming (weapon)
Armour
 a - a +0 robe (worn)
 i - a +1 hat (worn)
 n - the +1 buckler of Chimes (worn) {Contam rN+ Str+3 Int+5}
   (You found it on level 3 of the Dungeon)

   Str:       It affects your strength (+3).
   Int:       It affects your intelligence (+5).
   rN:        It protects you from negative energy.
   Contam:    It causes magical contamination when unequipped.
 B - a +0 cloak (worn)
Jewellery
 f - a ring of ice
 o - the ring of Daawejud (right hand) {rF- rN++ Will+ rCorr Int+5}
   (You took it off a hobgoblin on level 3 of the Dungeon)

   [ring of resist corrosion]

   Int:       It affects your intelligence (+5).
   rF:        It makes you vulnerable to fire.
   rN:        It greatly protects you from negative energy.
   rCorr:     It protects you from acid and corrosion.
   Will:      It increases your willpower.
 p - an amulet of magic regeneration (around neck)
 q - a +6 ring of strength (left hand)
 x - a ring of flight
 A - a ring of protection from fire
Wands
 t - a wand of charming (2)
 z - a wand of flame (32) (quivered)
 C - a wand of mindburst (4)
 D - a wand of light (4)
Scrolls
 c - a scroll of summoning {unknown}
 d - 5 scrolls of identify {unknown}
 h - a scroll of teleportation {unknown}
 j - a scroll of silence {unknown}
 r - 2 scrolls of fear {unknown}
 u - a scroll of magic mapping {unknown}
 v - 2 scrolls of butterflies {unknown}
 y - 2 scrolls of vulnerability {unknown}
Potions
 e - a potion of attraction {unknown}
 g - a potion of degeneration
 k - a potion of curing {unknown}
 l - 3 potions of heal wounds {unknown}
 m - 2 potions of mutation {unknown}
 s - a potion of lignification {unknown}
 w - a potion of haste


   Skills:
 + Level 2.1 Fighting
 + Level 3.4 Maces & Flails
 + Level 5.6 Dodging
 - Level 1.4 Stealth
 - Level 4.0 Shields
 + Level 7.2 Spellcasting
 + Level 5.7 Conjurations
 + Level 8.1 Ice Magic
 + Level 3.0 Evocations


You had 14 spell levels left.
You knew the following spells:

 Your Spells              Type           Power      Damage    Failure   Level
a - Freeze                Ice            100%       1d11      1%          1
b - Frozen Ramparts       Ice            100%       1d16      1%          3
c - Hailstorm             Conj/Ice       50%        3d11      3%          4

Your spell library contained the following spells:

 Spells                   Type           Power      Damage    Failure   Level
 Ozocubu's Armour         Ice            55%        N/A       1%          3
 Animate Dead             Necr           10%        N/A       54%         4
 Corpse Rot               Necr/Pois/Air  10%        N/A       54%         4
 Dispel Undead            Necr           10%        3d9       54%         4
 Borgnjor's Vile Clutch   Necr/Erth      5%         N/A       87%         5
 Death Channel            Necr           5%         N/A       100%        6


Dungeon Overview and Level Annotations

Branches:
Dungeon (8/15) Zot: 1470
 Temple: D:4-7         Lair: D:8-11

Altars:
Fedhas
Hepliaklqana
Qazlal
Vehumet
Wu Jian
Xom

Annotations:
D:1 2 transporters


Innate Abilities, Weirdness & Mutations

You passively map the area around you.
You are easily found by Zot.
You glow in the dark.
You regain HP and MP as you explore.


Message History

Confirm with . or Enter, or press ? or * to list all spells.
Aiming: Freeze (safe; 1% risk of failure)
Press: ? - help, Shift-Dir - straight line, f - steam dragon
Aim: a steam dragon (lightly wounded, catching its breath)
You freeze the steam dragon!
The steam dragon is heavily wounded.
You are engulfed in a cloud of scalding steam.
The wall freezes the steam dragon but does no damage.
You block the steam dragon's attack. The steam dragon closely misses you.
The wall freezes the sky beast!
Casting: Freeze (safe; 1% risk of failure)
Confirm with . or Enter, or press ? or * to list all spells.
Aiming: Freeze (safe; 1% risk of failure)
Press: ? - help, Shift-Dir - straight line, f/p - steam dragon
Aim: a steam dragon (heavily wounded)
You freeze the steam dragon.
The steam dragon is heavily wounded.
The wall freezes the steam dragon but does no damage.
The steam dragon closely misses you.
The steam dragon claws you but does no damage.
The wall freezes the sky beast.
The sky beast hits you but does no damage.
Casting: Freeze (safe; 1% risk of failure)
Confirm with . or Enter, or press ? or * to list all spells.
Aiming: Freeze (safe; 1% risk of failure)
Press: ? - help, Shift-Dir - straight line, f/p - steam dragon
Aim: a steam dragon (heavily wounded)
You freeze the steam dragon.
The steam dragon is heavily wounded.
The wall freezes the steam dragon!
The steam dragon breathes steam at you. The ball of steam hits you!!
The steam scalds you terribly!
* * * LOW HITPOINT WARNING * * *
The wall freezes the sky beast.
The sky beast hits you but does no damage.
It was a potion of degeneration.
There was something very wrong with that liquid.
You feel weakened.
You feel dopey.
You feel clumsy.
You are engulfed in a cloud of scalding steam.
You die...

, , , , ,,
,, ** , ,
, , ,, ,
,, ,, ,*,
,, , ***
***, , ,
### , ,
#.# * * *
,, , #.#
<,# , * ,
,
#Y##..###*
* , ,, ,*
#@D......,
* * ,
#.##..###*
* ,,* ,,
,, #.#* #
* , ** **
*** #.#* *
, , ,,,
... , ,
*#.# , ,
#.. , , ,
, , * #.#*
* , * * ,,
, ,, , , ,
* ,


You could see a steam dragon (catching breath) and a sky beast.

Vanquished Creatures
  Pikel (D:4)
  Sigmund (D:6)
  Eustachio (D:6)
  A wyvern (D:6)
  Duvessa (D:4)
  An orc warrior (D:6)
  A black bear (D:4)
  A lemure (D:4)
  A kobold brigand (D:6)
  A phantom (D:4)
  Blork the orc (D:4)
  A bullfrog (D:7)
  A necrophage (D:6)
  Dowan (D:4)
  A howler monkey (D:6)
  2 hounds (D:6)
  2 orc priests
  2 iguanas
  Terence (D:2)
  Natasha (thrice) (D:3)
  6 orc wizards
  5 adders
  A white imp (D:7)
  An ufetubus (D:7)
  27 orcs
  6 ball pythons
  4 endoplasms
  2 giant cockroaches
  7 hobgoblins
  3 jackals (D:3)
  12 kobolds
  4 quokkas
  6 bats
  3 frilled lizards
  5 rats
117 creatures vanquished.

Vanquished Creatures (others)
  8 fungi (D:3)
  11 plants
19 creatures vanquished.

Grand Total: 136 creatures vanquished

Notes
Turn   | Place    | Note
-------+----------+-------------------------------------------
     0 | D:1      | hawla the Meteoran Ice Elementalist began the quest for the
                  | Orb.
     0 | D:1      | Reached XP level 1. HP: 14/14 MP: 5/5
   125 | D:1      | Reached XP level 2. HP: 20/20 MP: 3/6
   217 | D:2      | Noticed Terence
   296 | D:2      | Reached skill level 5 in Ice Magic
   296 | D:2      | Reached XP level 3. HP: 26/26 MP: 6/8
   300 | D:2      | Learned a level 3 spell: Frozen Ramparts
   358 | D:2      | Killed Terence
   359 | D:2      | Reached XP level 4. HP: 32/33 MP: 3/9
   364 | D:2      | Learned a level 4 spell: Hailstorm
   460 | D:2      | Found a hazy altar of Hepliaklqana.
   486 | D:3      | Noticed Natasha
   497 | D:3      | Killed Natasha
   502 | D:3      | Noticed Natasha
   506 | D:3      | Killed Natasha
   507 | D:3      | Reached XP level 5. HP: 38/38 MP: 4/11
   579 | D:3      | Found a shimmering altar of Xom.
   591 | D:3      | Noticed Natasha
   594 | D:3      | Killed Natasha
   595 | D:3      | Reached skill level 1 in Conjurations
   602 | D:3      | Identified the +1 buckler of Chimes {Contam rN+ Str+3
                  | Int+5}
   694 | D:3      | Identified the ring of Daawejud {rF- rN++ Will+ rCorr
                  | Int+5}
   837 | D:3      | Reached skill level 1 in Shields
   837 | D:3      | Reached XP level 6. HP: 45/45 MP: 12/12
   853 | D:3      | Found a faded altar of an unknown god.
  1021 | D:3      | Found a blossoming altar of Fedhas.
  1314 | D:4      | Noticed Pikel
  1322 | D:4      | Killed Pikel
  1323 | D:4      | Reached skill level 5 in Conjurations
  1323 | D:4      | Reached XP level 7. HP: 33/50 MP: 1/14
  1323 | D:4      | Reached XP level 8. HP: 38/57 MP: 1/15
  1385 | D:4      | Reached skill level 6 in Ice Magic
  1459 | D:4      | Noticed Duvessa
  1460 | D:4      | Noticed Dowan
  1465 | D:4      | Killed Dowan
  1471 | D:4      | Killed Duvessa
  1472 | D:4      | Reached skill level 1 in Maces & Flails
  1472 | D:4      | Reached skill level 5 in Spellcasting
  1517 | D:4      | Noticed Blork the orc
  1523 | D:4      | Killed Blork the orc
  1524 | D:4      | Reached skill level 1 in Fighting
  1525 | D:4      | Reached skill level 5 in Dodging
  1542 | D:4      | You fall into a shaft and drop 3 floors!
  1604 | D:7      | Gained mutation: You passively map the area around you.
                  | [Meteoran growth]
  1604 | D:7      | Reached XP level 9. HP: 48/64 MP: 18/18
  1800 | D:7      | Found an ornate altar of the Wu Jian Council.
  1953 | D:6      | Noticed Eustachio
  1963 | D:6      | Killed Eustachio
  1964 | D:6      | Reached skill level 7 in Ice Magic
  2161 | D:6      | Found a stormy altar of Qazlal.
  2164 | D:6      | Noticed Sigmund
  2176 | D:6      | Killed Sigmund
  2239 | D:6      | Reached skill level 1 in Evocations
  2338 | D:6      | Reached skill level 8 in Ice Magic
  2561 | D:6      | Found a radiant altar of Vehumet.
  2658 | D:6      | Became a worshipper of Vehumet
  2723 | D:8      | Engulfed by a steam dragon's steam

Illustrated notes

Levels and vault maps discovered:
D:1:      spicycebolla_arrival_transporter_tutorial, layout_loops_ring,
          serial_shops, nicolae_shop_behind_doors, minmay_liquid_box
D:2:      layout_basic, basic_altar, kennysheep_pointless_box, minivault_25,
          uniq_terence, uniq_crazy_yiuf_cottage
D:3:      layout_loops_ring, mainiacjoe_overflow_surrounded_room,
          brannock_xom_greatest_gift, shapermc_ecumenical_altar_hornbeckon,
          uniq_natasha
D:4:      layout_cave_pods, sigmund_army, uniq_duvessa, uniq_pikel,
          uniq_blork_the_orc
D:6:      minmay_razor_zed, layout_basic, nicolae_qazlal_general_emergency,
          marbit_many_paths, lemuel_round_altar, serial_shops, shop,
          uniq_eustachio, uniq_sigmund
D:7:      layout_rooms, mainiacjoe_overflow_chevrons
D:8:      layout_basic, lemuel_round_altar

Skill      XL: |  1  2  3  4  5  6  7  8  9 |
---------------+----------------------------+-----
Ice Magic      | 5 6 8 |  8.1
Dodging        | 3 4 5 |  5.6
Spellcasting   | 3 4 5 7 |  7.2
Conjurations   | 2 5 |  5.7
Shields        | 1 4 |  4.0
Maces & Flails | 2 3 |  3.4
Fighting       | 1 2 |  2.1
Evocations     | 3 |  3.0
Stealth        | |  1.4

Action                   |  1- 3 |  4- 6 |  7- 9 || total
-------------------------+-------+-------+-------++-------
Melee: Unarmed           |    30 |     4 |       ||    34
       Whip              |       |       |    59 ||    59
 Cast: Freeze            |    27 |    12 |    22 ||    61
       Frozen Ramparts   |     1 |    19 |    24 ||    44
       Hailstorm         |       |     3 |    14 ||    17
  Use: Scroll            |       |     1 |       ||     1
       Potion            |       |       |     3 ||     3
Armor: Robe              |    25 |     9 |    14 ||    48
Dodge: Dodged            |    41 |    19 |    45 ||   105
Block: Buckler           |       |     4 |    30 ||    34
